AoeStats
← Marta

Arabian Desert

510436891Analyzed
1v1 RM · 2d ago on Oct 1, 2026· 34m 39s· 2 players
Game mode
Random Map
Map size
Tiny (2 player)
Population
200
Speed
Normal
Resources
Standard
Victory
Conquest
Starting age
Dark Age
Ending age
Imperial Age
RankedLock teamsTeams togetherTeam positionsShared explorationLock speedFull tech treeHidden civsTurbo modeCheats
Victory
Defeat
🇲🇽 Danes · Mexico
1531
+13
🇦🇷 Goths · Argentina
1470
-13
Marta
10:44 Feudal Age
10:35 Loom
11:00 Man-at-Arms
23:15 Castle Age
21:54 Fletching
22:05 Padded Archer Armor
23:06 Bloodlines
24:02 Forging
23:57 Bodkin Arrow
24:18 Crossbowman
24:47 Light Cavalry
26:05 Double-Bit Axe
El Cacas Vengador
7:22 Loom
9:49 Feudal Age
10:17 Double-Bit Axe
10:17 Horse Collar
17:17 Fletching
23:11 Castle Age
21:45 Padded Archer Armor
24:09 Bow Saw
24:21 Bodkin Arrow
24:01 Elite Skirmisher
28:40 Ballistics
Connection lost

Rejoining the realm…

Still unreachable

The connection could not be restored.

Session expired

The server has moved on; the page needs a fresh start.